 Dungeon Crawl Stone Soup version 0.31.0-11-ge490571c62 (webtiles) character file.

Game seed: 12215199655827045452

1040 Flugkiller the Chiller (level 8, -6/39 HPs)
             Began as a Vine Stalker Ice Elementalist on Jan 31, 2024.
             Shot with an arrow by a centaur (12 damage)
             ... on level 7 of the Dungeon.
             The game lasted 00:10:23 (1588 turns).

Flugkiller the Chiller (VSIE)                       Turns: 1588, Time: 00:10:24

Health: -6/39      AC:  6    Str: 11    XL:     8   Next: 24%
Magic:  0/19       EV: 12    Int: 17    God:
Gold:   102        SH:  0    Dex: 15    Spells: 10/20 levels left

rFire   + . .        h - +2 quarterstaff (speed)
rCold   + . .        (shield currently unavailable)
rNeg    . . .        r - +1 robe {rC+ rF+}
rPois   .            f - +1 helmet
rElec   .            (no cloak)
rCorr   .            (no gloves)
SInv    .            u - +0 pair of boots
Will    +....        (no amulet)
Stlth   ++           (no ring)
HPRegen 1.06/turn    (no ring)
MPRegen 0.16/turn

%: guardian spirit
@: no status effects
A: fangs 3, regeneration 1, magic shield, antimagic bite, no potion heal 2
a: no special abilities


You were on level 7 of the Dungeon.
You visited 2 branches of the dungeon, and saw 8 of its levels.

You collected 102 gold pieces.

Inventory:

Hand Weapons
 d - a +0 club
   (You took it off a kobold on level 1 of the Dungeon)
 e - a +0 dagger
   (You found it on level 1 of the Dungeon)
 g - a +0 lajatang
   (You found it on level 4 of the Dungeon)
 h - a +2 quarterstaff of speed (weapon)
   (You found it on level 2 of the Dungeon)
 s - a +1 dagger of venom
   (You took it off an orc wizard on level 6 of the Dungeon)
Armour
 a - a +0 robe
 f - a +1 helmet (worn)
   (You found it on level 1 of the Dungeon)
 p - a +0 leather armour
   (You took it off an orc on level 5 of the Dungeon)
 r - a +1 robe of resistance (worn)
   (You took it off an orc wizard on level 7 of the Dungeon)
 u - a +0 pair of boots (worn)
   (You found it on level 5 of the Dungeon)
Jewellery
 l - a ring of flight
   (You found it on level 5 of the Dungeon)
Wands
 v - a wand of roots (4)
   (You found it on level 7 of the Dungeon)
Scrolls
 j - a scroll of enchant armour
 k - a scroll of fear
 m - a scroll of blinking {unknown}
 t - 2 scrolls of teleportation
Potions
 b - 2 potions of magic
 c - 2 potions of enlightenment
 i - a potion of lignification {unknown}
 n - 2 potions of attraction {unknown}
 o - a potion of brilliance {unknown}
 q - 3 potions of curing


   Skills:
 + Level 1.9 Fighting
 - Level 1.5 Dodging
 - Level 2.4 Stealth
 + Level 6.7 Spellcasting
 + Level 7.5 Ice Magic


You had 10 spell levels left.
You knew the following spells:

 Your Spells              Type           Power      Damage    Failure   Level
a - Freeze                Ice            100%       1d10      1%          1
b - Frozen Ramparts       Ice            62%        1d10      1%          3
c - Ozocubu's Armour      Ice            31%        N/A       1%          3
d - Summon Ice Beast      Ice/Summ       18%        N/A       8%          3

Your spell library contained the following spells:

 Spells                   Type           Power      Damage    Failure   Level
 Shock                    Conj/Air       20%        1d4       12%         1
 Summon Small Mammal      Summ           20%        N/A       12%         1
 Call Canine Familiar     Summ           5%         N/A       34%         3
 Sigil of Binding         Hex            5%         N/A       34%         3
 Swiftness                Air            5%         N/A       34%         3
 Tukima's Dance           Hex            5%         N/A       34%         3
 Airstrike                Air            2%         2d(1-17)  75%         4
 Dimensional Bullseye     Hex/Tloc       2%         N/A       75%         4
 Iskenderun's Mystic Bla  Conj/Tloc      5%         2d3       75%         4
 Summon Blazeheart Golem  Fire/Summ      5%         N/A       75%         4


Dungeon Overview and Level Annotations

Branches:
Dungeon (7/15) Zot: 26714  Temple (1/1) D:5 Zot: 5998

Altars:
Dithmenos
Fedhas
Gozag
Hepliaklqana
Makhleb
Nemelex Xobeh
Okawaru
Qazlal
Ru
Uskayaw
Vehumet
Wu Jian
Yredelemnul
Zin

Shops:
D:5 [   D:7 *

Annotations:
D:5 2 transporters


Innate Abilities, Weirdness & Mutations

You have razor-sharp teeth.
Your natural rate of healing is unusually fast.
When hurt, damage is shared between your health and your magic reserves.
Your bite disrupts and absorbs the magic of your enemies.
Potions cannot restore your health.


Message History

The ice beast hits you. The ice beast freezes you. You resist.
You hit the ice beast but do no damage.
The ice beast is lightly wounded.
Your ice beast hits the ice beast but does no damage.
The ice beast completely resists.
The wall freezes the ice beast but does no damage.
The ice beast hits you. The ice beast freezes you. You resist.
You hit the ice beast. Your bite misses the ice beast.
The ice beast is moderately wounded.
Your ice beast hits the ice beast but does no damage.
The wall freezes the ice beast but does no damage.
The ice beast hits your ice beast but does no damage.
You closely miss the ice beast.
You bite the ice beast, but do no damage.
The ice beast is moderately wounded.
Your ice beast closely misses the ice beast.
The ice beast completely resists.
The wall freezes the ice beast but does no damage.
The ice beast hits you. The ice beast freezes you. You resist.
You closely miss the ice beast. You bite the ice beast. You drain its power.
You feel invigorated.
The ice beast is heavily wounded.
The frozen ramparts melt away.
Your ice beast hits the ice beast but does no damage.
A centaur comes into view.
The ice beast hits you but does no damage.
You hit the ice beast. You bite the ice beast. You drain its power.
You feel invigorated.
The ice beast is heavily wounded.
The centaur wields a +0 orcbow of electrocution.
You hear the crackle of electricity.
The centaur shoots an arrow.
The arrow hits your ice beast!
Your ice beast barely misses the ice beast.
The ice beast hits you but does no damage.
Casting: Summon Ice Beast (dangerous; 8% risk of failure)
Confirm with . or Enter, or press ? or * to list all spells.
A film of ice covers your body!
The centaur shoots an arrow.
The arrow hits your ice beast.
Lightning courses through your ice beast!
Your ice beast dies!
Your ice beast disappears in a puff of smoke!
The ice beast hits you but does no damage.
Unknown command.
Casting: Ozocubu's Armour (safe; 1% risk of failure)
Confirm with . or Enter, or press ? or * to list all spells.
A chill wind blows around you.
The centaur shoots an arrow.
The arrow hits your ice beast.
The centaur shoots an arrow.
The arrow hits your ice beast!
The ice beast hits you but does no damage.
You hit the ice beast. You bite the ice beast. You drain its power.
You feel invigorated.
The ice beast is severely wounded.
The centaur shoots an arrow.
The arrow hits your ice beast!
Your ice beast dies!
Your ice beast disappears in a puff of smoke!
Casting: Summon Ice Beast (dangerous; 8% risk of failure)
Confirm with . or Enter, or press ? or * to list all spells.
A chill wind blows around you.
The centaur shoots an arrow.
The arrow barely misses you. The ice beast barely misses you.
The centaur shoots an arrow.
The arrow barely misses you.
You hit the ice beast.
The ice beast is almost dead.
The ice beast closely misses you.
The centaur shoots an arrow.
The arrow barely misses you.
You sock the ice beast!
You kill the ice beast!
The centaur shoots an arrow.
The arrow hits you. What are your orders? t - Shout!
Orders for allies: a - Attack new target. r - Retreat! s - Stop attacking. g - Guard the area. f - Follow me.
Anything else - Cancel.
Gang up on whom?
Press: ? - help, Dir - move target, f - centaur
Aim: a centaur, wielding a +0 orcbow of electrocution (ally target) Attack!
The centaur shoots an arrow.
The arrow hits you.
Casting: Summon Ice Beast (dangerous; 8% risk of failure)
Confirm with . or Enter, or press ? or * to list all spells.
The walls around you are covered in ice.
The centaur shoots an arrow.
The arrow hits your ice beast.
The centaur shoots an arrow.
The arrow hits your ice beast!
The centaur shoots an arrow.
The arrow hits your ice beast!
Your ice beast barely misses the centaur.
The centaur shoots an arrow.
The arrow barely misses your ice beast. The arrow closely misses you.
The centaur unwields a +0 orcbow of electrocution.
It stops crackling.
The centaur hits your ice beast.
Your ice beast dies!
Your ice beast disappears in a puff of smoke!
The centaur wields a +0 orcbow of electrocution.
You hear the crackle of electricity.
The centaur shoots an arrow.
The arrow hits you!
You are electrocuted!
* * * LOW HITPOINT WARNING * * *
Your icy armour cracks and falls away as you move.
The frozen ramparts melt away as you move.
The centaur shoots an arrow.
The arrow hits you!
* * * LOW HITPOINT WARNING * * *
You are electrocuted!
You die...

.......................
.....................<.
... ................
#+###'####'####'###.....
.............'....#.....
.Y...........#....#.....
..####'##'###....#.....
...###.†#....######.....
......§.@#...............
.........#...............
#######c##..........#####
..............#....
.....########'##....
...... #..........
....... #..........
....... #..........
#.#####.###


You could see a centaur.

Vanquished Creatures
  A sky beast (D:7)
  An orc warrior (D:6)
  An ice beast (D:7)
  An ogre (D:4)
  A scorpion (D:5)
  2 bombardier beetles (D:4)
  3 orc priests
  Jessica (D:2)
  5 iguanas
  8 orc wizards
  5 adders
  A white imp (D:5)
  2 ufetubi (D:4)
  A dart slug (D:4)
  13 orcs
  6 endoplasms
  2 giant cockroaches
  4 goblins
  A hobgoblin (D:1)
  5 jackals (D:4)
  2 quokkas
  A ball python (D:3)
  3 bats
  A frilled lizard (D:1)
  3 kobolds
  A rat (D:3)
75 creatures vanquished.

Notes
Turn   | Place    | Note
-------+----------+-------------------------------------------
     0 | D:1      | Flugkiller the Vine Stalker Ice Elementalist began the
                  | quest for the Orb.
     0 | D:1      | Reached XP level 1. HP: 9/9 MP: 4/4
    99 | D:1      | Reached XP level 2. HP: 13/13 MP: 2/6
   151 | D:2      | Noticed Jessica
   163 | D:2      | Killed Jessica
   164 | D:2      | Reached XP level 3. HP: 16/16 MP: 2/8
   218 | D:3      | Found a hazy altar of Hepliaklqana.
   291 | D:3      | Reached XP level 4. HP: 21/21 MP: 8/10
   364 | D:4      | Reached skill level 5 in Ice Magic
   390 | D:4      | Reached XP level 5. HP: 15/24 MP: 4/12
   411 | D:3      | Found a hide-covered altar of Uskayaw.
   434 | D:3      | Found a faded altar of an unknown god.
   566 | D:4      | Learned a level 3 spell: Frozen Ramparts
   576 | D:4      | Found an iron altar of Okawaru.
   720 | D:5      | Entered Level 5 of the Dungeon
   744 | D:5      | Found a transporter.
   744 | D:5      | Noticed a vampire mosquito
   745 | D:5      | Found a shadowy altar of Dithmenos.
   746 | D:5      | Found a burning altar of Makhleb.
   748 | D:5      | Noticed a troll
   749 | D:5      | Found a basalt altar of Yredelemnul.
   774 | D:5      | Reached XP level 6. HP: 20/28 MP: 3/13
   836 | D:5      | Found a sparkling altar of Nemelex Xobeh.
   856 | D:5      | Found Imil's Antique Armour Boutique.
   884 | D:5      | Found a staircase to the Ecumenical Temple.
   893 | Temple   | Entered the Ecumenical Temple
   926 | D:5      | Noticed an ice beast
   945 | D:5      | Reached skill level 5 in Spellcasting
   945 | D:5      | Reached skill level 6 in Ice Magic
  1041 | D:4      | Reached XP level 7. HP: 32/32 MP: 9/16
  1083 | D:5      | Found a transporter.
  1261 | D:6      | Reached skill level 7 in Ice Magic
  1266 | D:6      | Learned a level 3 spell: Ozocubu's Armour
  1270 | D:6      | Learned a level 3 spell: Summon Ice Beast
  1321 | D:7      | Found Guc Xan's General Store.
  1397 | D:7      | Reached skill level 1 in Fighting
  1397 | D:7      | Gained mutation: You have razor-sharp teeth. [Vine Stalker
                  | growth]
  1397 | D:7      | Reached XP level 8. HP: 8/37 MP: 0/18
  1522 | D:7      | Found an ornate altar of the Wu Jian Council.
  1588 | D:7      | Shot with an arrow by a centaur

Illustrated notes

Levels and vault maps discovered:
D:1:      denvon_arrival_planthouse, layout_basic, st_stairs_9
D:2:      layout_loops_ring, uniq_jessica
D:3:      layout_loops_cross, general_overflow_altar,
          eat_drink_and_be_merry_uskayaw, basic_ecumenical_altar, minivault_4
D:4:      layout_basic, okawaru_ov_weapons_minmay
D:5:      layout_basic, mainiacjoe_overflow_six_doors_small,
          gammafunk_temple_overflow_arena, minmay_temple_entry_waves,
          serial_shops, shop, st_stairs_11
D:6:      layout_loops_ring, due_unseen_surprise
D:7:      layout_gridville, lemuel_crystal_altar, serial_shops,
          nicolae_shop_hallway_stairs, item_on_display_a
Temple:   nicolae_temple_stand_before_the_council

Skill      XL: |  1  2  3  4  5  6  7 |
---------------+----------------------+-----
Spellcasting   | 3 4 5 6 |  6.7
Ice Magic      | 5 6 7 |  7.5
Fighting       | 1 |  1.9
Dodging        | |  1.5
Stealth        | |  2.4

Action                     |  1- 3 |  4- 6 |  7- 9 || total
---------------------------+-------+-------+-------++-------
  Melee: Dagger            |     6 |       |       ||     6
         Bite              |     4 |     9 |     5 ||    18
         Unarmed           |     1 |       |       ||     1
         Punch             |     1 |       |       ||     1
         Quarterstaff      |     5 |    44 |    16 ||    65
   Cast: Freeze            |    18 |    34 |    23 ||    75
         Frozen Ramparts   |       |     5 |     8 ||    13
         Summon Ice Beast  |       |       |     3 ||     3
         Ozocubu's Armour  |       |       |     1 ||     1
    Use: Scroll            |       |     6 |     1 ||     7
   Stab: Sleeping          |     1 |     2 |       ||     3
 Armour: Robe              |     8 |    47 |    32 ||    87
         Skin              |       |       |     6 ||     6
  Dodge: Dodged            |    15 |    68 |    14 ||    97
